 Dungeon Crawl Stone Soup version 0.30-a0-43-gbbf338a72c (webtiles) character file.

Game seed: 13437694325757482832

1137 Nattfarinn the Tainter (level 8, -12/91 HPs)
             Began as a Demonspawn Venom Mage on Aug 31, 2022.
             Was a Follower of Vehumet.
             Mangled by a wight
             ... wielding a +2 falchion of electrocution
              (18 damage)
             ... on level 6 of the Dungeon.
             The game lasted 00:14:02 (5585 turns).

Nattfarinn the Tainter (Demonspawn Venom Mage)      Turns: 5585, Time: 00:14:03

Health: -12/91     AC: 24    Str:  9    XL:     8   Next: 14%
Magic:  0/13       EV:  2    Int: 18    God:    Vehumet [*.....]
Gold:   289        SH:  0    Dex: 20    Spells: 7/14 levels left

rFire   . . .      SeeInvis .    C - +2 dagger (venom)
rCold   . . .      Faith    .    (no shield)
rNeg    . . .      Spirit   +    (body armour currently unavailable)
rPois   +          Reflect  .    (helmet currently unavailable)
rElec   .          Harm     .    (cloak currently unavailable)
rCorr   .          Rampage  .    (gloves currently unavailable)
Will    .....      NoTele   +    (boots currently unavailable)
Stlth   ++........               (no amulet)
HPRegen 0.25/turn                p - +4 ring of evasion
MPRegen 0.26/turn                B - +6 ring of dexterity

@: mighty, brilliant, tree-form (expiring), attractive, hasted (expiring),
invisible, very quick
A: stationary, stasis, torment immunity, boosted hp, magic shield, magic
regeneration, (sanguine armour 1), demonic magic 2
a: Renounce Religion


You were on level 6 of the Dungeon.
You worshipped Vehumet.
Vehumet was aware of your devotion.
You were a tree.
You visited 2 branches of the dungeon, and saw 7 of its levels.

You collected 289 gold pieces.

Inventory:

Hand Weapons
 c - a +0 spear
 C - a +2 dagger of venom (weapon)
Missiles
 g - 5 atropa-tipped darts
Armour
 a - a +0 robe (melded)
 y - a +0 cloak (melded)
Magical Staves
 m - a staff of death
Jewellery
 e - a ring of fire
 p - a +4 ring of evasion (left branch)
 w - a ring of protection from cold
 B - a +6 ring of dexterity (right branch)
Wands
 q - a wand of iceblast (24)
Scrolls
 n - 2 scrolls of identify
 o - 2 scrolls of noise
 r - 2 scrolls of poison
Potions
 k - a potion of haste


   Skills:
 * Level 4.7 Fighting
 - Level 1.7 Dodging
 - Level 1.7 Stealth
 + Level 3.7 Spellcasting
 - Level 0.8 Transmutations
 - Level 8.1 Poison Magic


You had 7 spell levels left.
You knew the following spells:

 Your Spells              Type           Power      Damage    Failure   Level
a - Sting                 Tmut/Pois      100%       1d8       2%          1
b - Olgreb's Toxic Radia  Pois           49%        N/A       5%          4
c - Poisonous Vapours     Pois/Air       54%        N/A       4%          2

Your spell library contained the following spells:

 Spells                   Type           Power      Damage    Failure   Level
 Magic Dart               Conj           16%        1d3       16%         1
 Necrotise                Necr           16%        1d4       16%         1
 Wereblood                Tmut           9%         N/A       16%         2
 Mephitic Cloud           Conj/Pois/Air  19%        N/A       16%         3
 Sublimation of Blood     Necr           4%         N/A       22%         2
 Portal Projectile        Hex/Tloc       8%         N/A       41%         3
 Tukima's Dance           Hex            4%         N/A       41%         3
 Vampiric Draining        Necr           4%         2d6       41%         3
 Passage of Golubria      Tloc           4%         N/A       83%         4
 Blade Hands              Tmut           4%         N/A       96%         5
 Yara's Violent Unravell  Hex/Tmut       3%         3d4       98%         5
 Agony                    Necr           4%         N/A       99%         5
 Summon Hydra             Summ           2%         N/A       100%        7


Dungeon Overview and Level Annotations

Branches:
Dungeon (6/15)             Temple (1/1) D:4

Altars:
Ashenzari
Cheibriados
Dithmenos
Fedhas
Gozag
Hepliaklqana
Makhleb
Nemelex Xobeh
Okawaru
Qazlal
Ru
Trog
Uskayaw
Vehumet
Wu Jian
Xom
Yredelemnul

Annotations:
D:3 1 runed translucent door, Crazy Yiuf
D:5 2 transporters


Innate Abilities, Weirdness & Mutations

You are a tree.
Your roots penetrate the ground, keeping you stationary.
You cannot be teleported.
You are immune to unholy pain and torment.
Your maximum health is greatly increased.
Your equipment is partially melded.
When hurt, damage is shared between your health and your magic reserves.
You regenerate magic rapidly.
((When seriously injured, your blood forms armour. (AC +0)))
Spells you cast may paralyse nearby enemies.


Message History

Your Fighting skill increases to level 4!
You have reached level 8!
You feel agile.
You barely miss the orc wizard. You barely miss the orc wizard.
The orc wizard hits you but does no damage.
The wight hits you but does no damage. The orc is attracted toward you.
You catch the helpless orc wizard completely off-guard!
You impale the orc wizard!!
You kill the orc wizard!
Vehumet accepts your kill. The wight hits you but does no damage.
The orc is attracted toward you.
You hit the wight.
The wight is moderately damaged.
The orc is attracted toward you.
You hit the wight but do no damage.
The wight is moderately damaged.
The wight hits you but does no damage. The orc is attracted toward you.
You hit the wight.
The wight is heavily damaged.
Your transformation is almost over.
You flicker for a moment.
The wight hits you with a +0 battleaxe!
* * * LOW HITPOINT WARNING * * *
The orc is attracted toward you.
You fade further into invisibility.
You puncture the wight!
You destroy the wight!
Vehumet accepts your kill. The orc is attracted toward you. x2
You puncture the wight!
The wight is severely damaged.
The orc is attracted toward you.
You hit the wight.
The wight is almost destroyed.
You hit the wight but do no damage.
The wight is almost destroyed.
Your extra speed is starting to run out.
An orc warrior comes into view. It is wielding a +0 flail.
The wight hits you but does no damage.
You are electrocuted!!
You die...

*,,,,,,,* ********
*,,,..o.***
*******,*
*,,,.)...,*
*,,,,,*,*****
*,,*,#.o.,*
**,,>,,,,,,,,
*,,*,#....*
*,,,,,,,,,,,
*,,*,#..§o*
*,,,,,,,,,,,
*,,*,#..oo###
*,,,,,,,,,,,
****.#####z.#
*,,,,,,,,,,,
*^......♣#
*********,,,
*#######)# *,,,
#)# *,,, #)# *,,,
#.# ##### ****
#.####...#
#.?.gg...# #######
#######..###......
***#......#...#


You could see an orc warrior (wandering, unable to see you), a wight (unable to
see you) and 4 orcs.

Vanquished Creatures
  An orc warrior (D:6)
  2 ogres
  A phantom (D:5)
  3 wights (D:6)
  A howler monkey (D:6)
  3 orc priests
  4 hounds
  3 iguanas
  3 orc wizards
  Robin (D:3)
  3 gnolls (D:5)
  3 adders
  A shadow imp (D:6)
  2 white imps (D:5)
  An ufetubus (D:4)
  3 worms
  3 dart slugs
  23 orcs
  2 bats (D:2)
  8 endoplasms
  2 giant cockroaches
  14 goblins
  11 hobgoblins
  4 jackals (D:2)
  5 quokkas
  8 ball pythons
  A frilled lizard (D:3)
  6 kobolds
  4 rats
126 creatures vanquished.

Vanquished Creatures (others)
  An orc priest (D:6)
  An orc wizard (D:6)
  2 fungi (D:3)
4 creatures vanquished.

Grand Total: 130 creatures vanquished

Notes
Turn   | Place    | Note
-------+----------+-------------------------------------------
     0 | D:1      | Nattfarinn the Demonspawn Venom Mage began the quest for
                  | the Orb.
     0 | D:1      | Reached XP level 1. HP: 13/13 MP: 3/3
   346 | D:1      | Gained mutation: You regenerate magic rapidly. [demonic
                  | ancestry]
   346 | D:1      | Reached XP level 2. HP: 19/19 MP: 3/5
   926 | D:2      | Reached skill level 4 in Poison Magic
  1197 | D:2      | Gained mutation: Spells you cast may paralyse adjacent
                  | enemies. [demonic ancestry]
  1197 | D:2      | Reached XP level 3. HP: 24/24 MP: 4/6
  2053 | D:3      | Reached XP level 4. HP: 27/30 MP: 0/7
  2324 | D:3      | Reached skill level 5 in Poison Magic
  2557 | D:3      | Found a runed translucent door.
  2558 | D:3      | Noticed Crazy Yiuf
  2637 | D:3      | Found a faded altar of an unknown god.
  2958 | D:3      | Found a sacrificial altar of Ru.
  3112 | D:3      | Noticed Robin
  3126 | D:3      | Learned a level 4 spell: Olgreb's Toxic Radiance
  3136 | D:3      | Gained mutation: When seriously injured, your blood forms
                  | armour. (AC +0) [demonic ancestry]
  3136 | D:3      | Reached XP level 5. HP: 32/35 MP: 3/8
  3138 | D:3      | Killed Robin
  3184 | D:3      | Reached skill level 6 in Poison Magic
  3653 | D:4      | Noticed an ogre
  3658 | D:4      | Learned a level 2 spell: Poisonous Vapours
  3671 | D:4      | Killed an ogre
  3712 | D:4      | Found a shadowy altar of Dithmenos.
  3733 | D:4      | Found a sparkling altar of Nemelex Xobeh.
  3784 | D:4      | Gained mutation: When hurt, damage is shared between your
                  | health and your magic reserves. [demonic ancestry]
  3784 | D:4      | Reached XP level 6. HP: 33/41 MP: 3/9
  3938 | D:4      | Found a burning altar of Makhleb.
  3998 | D:4      | Reached skill level 7 in Poison Magic
  4065 | D:4      | Found a staircase to the Ecumenical Temple.
  4189 | Temple   | Entered the Ecumenical Temple
  4225 | Temple   | Became a worshipper of Vehumet
  4344 | D:5      | Entered Level 5 of the Dungeon
  4364 | D:5      | Found a shimmering altar of Xom.
  4364 | D:5      | Found a snail-covered altar of Cheibriados.
  4365 | D:5      | Found a hazy altar of Hepliaklqana.
  4365 | D:5      | Noticed a two-headed ogre
  4365 | D:5      | Noticed a shadow
  4403 | D:5      | Found a transporter.
  4710 | D:5      | Reached skill level 8 in Poison Magic
  4725 | D:5      | Gained mutation: Spells you cast may paralyse nearby
                  | enemies. [demonic ancestry]
  4725 | D:5      | Reached XP level 7. HP: 30/46 MP: 1/10
  4948 | D:5      | Reached skill level 1 in Fighting
  5169 | D:5      | Found a transporter.
  5529 | D:6      | Reached * piety under Vehumet
  5529 | D:6      | Offered knowledge of Magic Dart by Vehumet.
  5543 | D:6      | HP: 2/47 [wight/+0 scimitar (4)]
  5575 | D:6      | Reached XP level 8. HP: 11/61 MP: 1/13
  5585 | D:6      | Mangled by a wight

Illustrated notes

Levels and vault maps discovered:
D:1:      psy_arrival_whirlpool, layout_rooms
D:2:      layout_basic, serial_park_tiny_1, hangedman_decor_points, minivault_4
D:3:      layout_loops_ring, hangedman_ru_absence, ebering_ecumenical_altar_box,
          uniq_robin, uniq_crazy_yiuf_cottage
D:4:      layout_basic, makhleb_heckhound_becter, jmf_multi_god_temple,
          minmay_temple_entry_hall
D:5:      layout_rooms, gammafunk_temple_overflow_arena
D:6:      layout_basic, chequers_hall_statues_wall_a, corner_web_ring,
          nicolae_concentric_dashed_squares_mild, grunt_ministairs_8,
          lemuel_flamethrower_1
Temple:   nicolae_temple_ecumenical_triangle

Skill      XL: |  1  2  3  4  5  6  7 |
---------------+----------------------+-----
Poison Magic   | 4 5 6 8 |  8.1
Fighting       | 4 |  4.7
Spellcasting   | 3 |  3.7
Dodging        | |  1.7
Stealth        | |  1.7
Transmutations | |  0.8

Action                   |  1- 3 |  4- 6 |  7- 9 || total
-------------------------+-------+-------+-------++-------
Melee: Spear             |    15 |    48 |     7 ||    70
       Punch             |     1 |       |       ||     1
       Dagger            |       |       |    98 ||    98
 Cast: Sting             |    87 |    99 |    13 ||   199
       Olgreb's Toxic Ra |       |     3 |     5 ||     8
       Poisonous Vapours |       |    13 |       ||    13
  Use: Potion            |       |       |    11 ||    11
       Scroll            |       |       |     9 ||     9
 Stab: Paralysed         |       |     8 |     2 ||    10
       Invisible         |       |       |     2 ||     2
       Sleeping          |       |       |     1 ||     1
Armor: Robe              |     5 |     5 |    12 ||    22
       Skin              |       |       |    10 ||    10
Dodge: Dodged            |    19 |    39 |    50 ||   108

Table legend: (Time is in decaauts)
 A = Elapsed time spent in this place.
 B = Non-inter-level travel time spent in this place.
 C = Inter-level travel time spent in this place.
 D = Time resting spent in this place.
 E = Time spent auto-exploring this place.
 F = Levels seen in this place.
 G = Mean time per level.
                   A        B        C        D        E       F      G
               +--------+--------+--------+--------+--------+-----+--------+
         Total |   5579 |   5385 |    194 |    521 |   4010 |   7 |  797.0 |
       Dungeon |   5534 |   5349 |    185 |    521 |   3992 |   6 |  922.3 |
        Temple |     45 |     36 |      9 |      0 |     18 |   1 |   45.0 |
               +--------+--------+--------+--------+--------+-----+--------+

Top non-repeatable levels by time:
     D:3: 1396 daAuts
     D:2: 1317 daAuts
     D:5: 1124 daAuts
     D:1: 906 daAuts
     D:4: 683 daAuts
     D:6: 105 daAuts
  Temple: 45 daAuts
